 Dungeon Sprint DCSS version 0.31-b1-22-gc680215f68 (webtiles) character file.

Game seed: 1879372089097959141

8100000 thiscave3701365 the Intangible (level 27, -28/187 (228) HPs)
             Began as a Djinni Warper on Jan 18, 2024.
             Was the Champion of Makhleb.
             Killed from afar by a wretched soul (97 damage)
             ... with a bolt of negative energy
             ... in the Dungeon (Sprint VIII: "Arena of Blood").
             The game lasted 00:03:31 (81 turns).

thiscave3701365 the Intangible (Djinni Warper)        Turns: 81, Time: 00:03:32

HP:   -28/187 (228) AC:  6    Str: 20    XL:     27
Gold: 0             EV: 23    Int: 20    God:    Makhleb [******] SH:  0 Dex: 12

rFire   + + .        h - +∞ Axe of Woe
rCold   x . .        (shield currently unavailable)
rNeg    . . .        a - +0 leather armour
rPois   ∞            (no helmet)
rElec   .            (no cloak)
rCorr   .            (no gloves)
SInv    .            (boots unavailable)
Will    ++...        (no amulet)
Stlth   +++++++++    (no ring)
HPRegen 0.51/turn    (no ring)
MPRegen 0.00/turn

%: no teleportation, infuse magic (-29 HP)
@: flying, heavily drained
A: sickness immunity, fire resistance 2, cold vulnerability 1, float, innate
caster, HP casting, extra vitality 1
a: Renounce Religion, Minor Destruction, Lesser Servant of Makhleb, Major
Destruction, Greater Servant of Makhleb


You were in the Dungeon.
You worshipped Makhleb.
Makhleb was exalted by your worship.
You visited 1 branch

Inventory:

Hand Weapons
 h - the +∞ Axe of Woe (weapon)
   (You found it in the Dungeon)
Missiles
 c - 7 darts of dispersal
Armour
 a - a +0 leather armour (worn)
Scrolls
 b - 2 scrolls of blinking
Potions
 d - a potion of curing
 e - a potion of heal wounds
 f - a potion of haste
 g - a potion of berserk rage


   Skills:
 O Level 27 Fighting
 O Level 27 Short Blades
 O Level 27 Long Blades
 O Level 27 Axes
 O Level 27 Maces & Flails
 O Level 27 Polearms
 O Level 27 Staves
 O Level 27 Ranged Weapons
 O Level 27 Throwing
 O Level 27 Armour
 O Level 27 Dodging
 O Level 27 Stealth
 O Level 27 Shields
 O Level 27 Unarmed Combat
 O Level 27 Spellcasting
 O Level 27 Conjurations
 O Level 27 Hexes
 O Level 27 Summonings
 O Level 27 Necromancy
 O Level 27 Translocations
 O Level 27 Fire Magic
 O Level 27 Ice Magic
 O Level 27 Air Magic
 O Level 27 Earth Magic
 O Level 27 Alchemy
 O Level 27 Invocations
 O Level 27 Evocations
 O Level 27 Shapeshifting


You knew the following spells:

 Your Spells              Type           Power      Damage    Failure   Level
a - Blink                 Tloc           100%       N/A       0%          2
b - Lesser Beckoning      Tloc           100%       N/A       0%          2
c - Teleport Other        Tloc           94%        N/A       0%          3
d - Manifold Assault      Tloc           94%        N/A       0%          4
e - Vhi's Electric Charg  Tloc/Air       100%       N/A       0%          4
f - Foxfire               Conj/Fire      100%       2x1d9     0%          1
g - Momentum Strike       Conj/Tloc      100%       3d10      0%          2
h - Mercury Vapours       Alch/Air       100%       N/A       0%          2
i - Airstrike             Air            47%        2d(7-23)  0%          4
j - Iskenderun's Battles  Conj           94%        2d14      0%          5
k - Borgnjor's Vile Clut  Necr/Erth      47%        N/A       0%          5
l - Death Channel         Necr           47%        N/A       0%          6
m - Sculpt Simulacrum     Ice/Alch       47%        N/A       0%          6
n - Starburst             Conj/Fire      47%        6d13      0%          6
o - Summon Horrible Thin  Summ           47%        N/A       1%          8
p - Borgnjor's Revivific  Necr           47%        N/A       1%          8
q - Fire Storm            Conj/Fire      47%        8d12      1%          9
r - Shatter               Erth           47%        3d36*     1%          9
Your spell library was empty.

Dungeon Overview and Level Annotations

Branches:
Dungeon (1/1)

Altars:
Makhleb


Innate Abilities, Weirdness & Mutations

You are immune to sickness and miasma.
You are immune to poison.
Your flesh is very heat resistant. (rF++)
You are vulnerable to cold. (rC-)
You float through the air rather than walking.
You learn spells naturally, not from books.
Your magical power is your life essence.
You have superior vitality. (+4 MHP)


Message History

The bolt of negative energy hits you!!!!
You feel drained.
Ouch! That really hurt!
* * * LOW HITPOINT WARNING * * *
Your life force feels restored.
Unknown command.
Unknown command.
You are too injured to fight recklessly!
You open the meat beast like a pillowcase!!!
You butcher the meat beast messily.
You kill the meat beast!
Makhleb accepts your kill.
You feel better.
You chop something into pieces!!!
You pulverise something into a thin bloody mist.
Makhleb accepts your kill.
You feel better.
Reactivating autopickup.
You feel a bit more experienced.
Unknown command.
Unknown command.
You feel yourself speed up.
A bolt of negative energy appears from out of thin air!
Deactivating autopickup; reactivate with Ctrl-A.
The bolt of negative energy hits you!!
You feel drained.
A destroyer comes into view. It is wielding a +9 heavy great sword.
A bolt of negative energy appears from out of thin air!
The bolt of negative energy misses you.
You are too injured to fight recklessly!
Unknown command.
Unknown command.
The destroyer gestures at you while chanting.
The destroyer blinks!
Something hits you.
Unknown command.
Unknown command.
A bolt of negative energy appears from out of thin air!
The bolt of negative energy hits you!!!!
You feel drained.
Ouch! That really hurt!
You die...

§)...).....).##§
§))#........#)..
..)......).#.))
)##.#...).....)
...)...........
#....#...V.####
......{...)..#.
)..............
.......@.......
###############


You could see a destroyer.

Vanquished Creatures
  8 hell beasts (D)
  3 royal mummies (D)
  4 wraiths (D)
  Harold (D)
  8 vampire knights (D)
  29 ogres (D)
  9 two-headed ogres (D)
  2 liches (D)
  2 hydras (D)
  A phantom (D)
  73 orcs (D)
  16 skeletal warriors (D)
156 creatures vanquished.

Notes
Turn   | Place    | Note
-------+----------+-------------------------------------------
     0 | D        | Found the +∞ Axe of Woe
     0 | D        | thiscave3701365 the Djinni Warper began the quest for the
                  | Orb.
     0 | D        | thiscave3701365 set off with the following spells
                  | memorised: Blink, Lesser Beckoning, Teleport Other,
                  | Manifold Assault, Vhi's Electric Charge.
     0 | D        | Reached XP level 1. HP: 18/18 MP: 0/0
     2 | D        | Noticed a bag of meat
     4 | D        | Became a worshipper of Makhleb the Destroyer
     4 | D        | Noticed a bag of meat
     6 | D        | Killed a bag of meat
     7 | D        | Reached XP level 2. HP: 42/42 MP: 0/0
     7 | D        | Reached XP level 3. HP: 48/48 MP: 0/0
     7 | D        | Learned a level 1 spell: Foxfire
     7 | D        | Reached XP level 4. HP: 54/54 MP: 0/0
     7 | D        | Reached XP level 5. HP: 59/59 MP: 0/0
     7 | D        | Learned a level 2 spell: Momentum Strike
     7 | D        | Reached XP level 6. HP: 66/66 MP: 0/0
     7 | D        | Reached XP level 7. HP: 71/71 MP: 0/0
     7 | D        | Learned a level 2 spell: Mercury Vapours
     7 | D        | Reached XP level 8. HP: 77/77 MP: 0/0
     7 | D        | Reached XP level 9. HP: 83/83 MP: 0/0
     7 | D        | Learned a level 4 spell: Airstrike
     7 | D        | Reached XP level 10. HP: 89/89 MP: 0/0
     7 | D        | Reached XP level 11. HP: 94/94 MP: 0/0
     7 | D        | Learned a level 5 spell: Iskenderun's Battlesphere
     7 | D        | Noticed a bag of meat
     7 | D        | Noticed a bag of meat
     7 | D        | Noticed a bag of meat
     8 | D        | Killed a bag of meat
     8 | D        | Reached * piety under Makhleb
     8 | D        | Noticed a meat berserker
     8 | D        | Noticed a bag of meat
     8 | D        | Noticed a bag of meat
     8 | D        | Noticed a bag of meat
     8 | D        | Noticed a bag of meat
     8 | D        | Noticed a bag of meat
     8 | D        | Noticed a meat berserker
     9 | D        | Reached skill level 5 in Armour
     9 | D        | Reached XP level 12. HP: 105/105 MP: 0/0
     9 | D        | Noticed a bag of meat
     9 | D        | Noticed a bag of meat
     9 | D        | Noticed a bag of meat
     9 | D        | Noticed a bag of meat
     9 | D        | Noticed a bag of meat
     9 | D        | Noticed a bag of meat
     9 | D        | Noticed a bag of meat
    10 | D        | Killed a bag of meat
    10 | D        | Noticed a meat berserker
    10 | D        | Noticed a bag of meat
    10 | D        | Noticed a bag of meat
    10 | D        | Noticed a bag of meat
    10 | D        | Noticed a bag of meat
    11 | D        | Reached skill level 5 in Throwing
    11 | D        | Reached XP level 13. HP: 75/113 MP: 0/0
    11 | D        | Learned a level 5 spell: Borgnjor's Vile Clutch
    11 | D        | Killed a meat berserker
    11 | D        | Killed a bag of meat
    11 | D        | Reached ** piety under Makhleb
    11 | D        | Killed a bag of meat
    11 | D        | Killed a bag of meat
    11 | D        | Noticed a meat berserker
    11 | D        | Noticed a large bag of meat
    11 | D        | Noticed a bag of meat
    11 | D        | Noticed a bag of meat
    11 | D        | Noticed a meat berserker
    11 | D        | Noticed a meat berserker
    12 | D        | Reached skill level 10 in Axes
    12 | D        | Reached XP level 14. HP: 55/130 MP: 0/0
    12 | D        | Reached XP level 15. HP: 57/135 MP: 0/0
    12 | D        | Learned a level 6 spell: Death Channel
    12 | D        | Killed a meat berserker
    12 | D        | Reached *** piety under Makhleb
    12 | D        | HP: 2/135 [bag of meat/+9 war axe (40)]
    13 | D        | Killed a meat berserker
    13 | D        | Reached **** piety under Makhleb
    14 | D        | Reached skill level 15 in Axes
    14 | D        | Reached skill level 10 in Armour
    14 | D        | Reached skill level 27 in Dodging
    14 | D        | Reached XP level 16. HP: 105/151 MP: 0/0
    14 | D        | Reached XP level 17. HP: 110/157 MP: 0/0
    14 | D        | Learned a level 6 spell: Sculpt Simulacrum
    16 | D        | Killed a meat berserker
    16 | D        | Reached ***** piety under Makhleb
    16 | D        | Killed a meat berserker
    17 | D        | Reached skill level 27 in Fighting
    17 | D        | Reached skill level 27 in Unarmed Combat
    17 | D        | Reached XP level 18. HP: 167/167 MP: 0/0
    17 | D        | Reached ****** piety under Makhleb
    18 | D        | Killed a meat berserker
    19 | D        | Reached skill level 27 in Axes
    19 | D        | Reached skill level 27 in Armour
    19 | D        | Reached XP level 19. HP: 174/174 MP: 0/0
    19 | D        | Learned a level 6 spell: Starburst
    20 | D        | Reached skill level 15 in Spellcasting
    20 | D        | Reached skill level 15 in Conjurations
    20 | D        | Reached skill level 15 in Hexes
    20 | D        | Reached skill level 15 in Summonings
    20 | D        | Reached skill level 15 in Necromancy
    20 | D        | Reached skill level 15 in Translocations
    20 | D        | Reached skill level 15 in Fire Magic
    20 | D        | Reached skill level 15 in Ice Magic
    20 | D        | Reached skill level 15 in Air Magic
    20 | D        | Reached skill level 15 in Earth Magic
    20 | D        | Reached skill level 15 in Alchemy
    20 | D        | Reached XP level 20. HP: 181/181 MP: 0/0
    20 | D        | Noticed a meat berserker
    20 | D        | Noticed a destroyer
    22 | D        | Noticed a meat berserker
    22 | D        | Killed a large bag of meat
    22 | D        | Noticed a meat berserker
    23 | D        | Reached XP level 21. HP: 174/187 MP: 0/0
    23 | D        | Learned a level 8 spell: Summon Horrible Things
    23 | D        | Killed a meat berserker
    23 | D        | Killed a meat berserker
    23 | D        | Noticed a large bag of meat
    24 | D        | Reached skill level 27 in Spellcasting
    24 | D        | Reached skill level 27 in Conjurations
    24 | D        | Reached skill level 27 in Hexes
    24 | D        | Reached skill level 27 in Summonings
    24 | D        | Reached skill level 27 in Necromancy
    24 | D        | Reached skill level 27 in Translocations
    24 | D        | Reached skill level 27 in Fire Magic
    24 | D        | Reached skill level 27 in Ice Magic
    24 | D        | Reached skill level 27 in Air Magic
    24 | D        | Reached skill level 27 in Earth Magic
    24 | D        | Reached skill level 27 in Alchemy
    24 | D        | Noticed a meat berserker
    25 | D        | Reached XP level 22. HP: 157/194 MP: 0/0
    25 | D        | Killed a meat berserker
    25 | D        | Noticed an eight-headed meat hydra
    26 | D        | Reached skill level 10 in Short Blades
    26 | D        | Reached skill level 10 in Long Blades
    26 | D        | Reached skill level 10 in Maces & Flails
    26 | D        | Reached skill level 10 in Polearms
    26 | D        | Reached skill level 10 in Staves
    26 | D        | Reached skill level 10 in Ranged Weapons
    26 | D        | Reached skill level 10 in Stealth
    26 | D        | Reached skill level 10 in Shapeshifting
    26 | D        | Killed a large bag of meat
    26 | D        | Noticed a meat berserker
    26 | D        | Noticed a destroyer
    27 | D        | Reached XP level 23. HP: 201/201 MP: 0/0
    27 | D        | Learned a level 8 spell: Borgnjor's Revivification
    27 | D        | Noticed a large bag of meat
    27 | D        | Noticed a destroyer
    27 | D        | Noticed a destroyer
    29 | D        | Noticed a large bag of meat
    30 | D        | Killed a destroyer
    30 | D        | Killed a destroyer
    30 | D        | Killed a destroyer
    31 | D        | Reached skill level 15 in Short Blades
    31 | D        | Reached skill level 15 in Long Blades
    31 | D        | Reached skill level 15 in Staves
    31 | D        | Reached skill level 15 in Stealth
    31 | D        | Reached XP level 24. HP: 190/208 MP: 0/0
    31 | D        | Killed a destroyer
    32 | D        | Noticed The Servant
    33 | D        | Reached skill level 15 in Maces & Flails
    33 | D        | Reached skill level 15 in Polearms
    33 | D        | Reached skill level 15 in Ranged Weapons
    33 | D        | Reached skill level 15 in Shapeshifting
    33 | D        | Killed a large bag of meat
    33 | D        | Killed The Servant
    33 | D        | Noticed a large bag of meat
    34 | D        | Reached XP level 25. HP: 191/214 MP: 0/0
    34 | D        | Learned a level 9 spell: Fire Storm
    35 | D        | Killed a large bag of meat
    35 | D        | Killed a large bag of meat
    35 | D        | Noticed a destroyer
    36 | D        | Reached XP level 26. HP: 144/221 MP: 0/0
    37 | D        | Killed a destroyer
    38 | D        | Noticed a destroyer
    39 | D        | Killed a destroyer
    40 | D        | Reached skill level 27 in Stealth
    40 | D        | Reached XP level 27. HP: 228/228 MP: 0/0
    40 | D        | Learned a level 9 spell: Shatter
    40 | D        | Noticed a large bag of meat
    40 | D        | Noticed a large bag of meat
    41 | D        | Killed a large bag of meat
    41 | D        | Killed a large bag of meat
    45 | D        | Noticed an accursed
    45 | D        | Killed an accursed
    48 | D        | Reached skill level 27 in Shields
    48 | D        | Reached skill level 27 in Invocations
    48 | D        | Reached skill level 27 in Evocations
    48 | D        | Noticed a large bag of meat
    49 | D        | Killed a large bag of meat
    52 | D        | Reached skill level 27 in Short Blades
    52 | D        | Reached skill level 27 in Long Blades
    52 | D        | Reached skill level 27 in Staves
    52 | D        | Noticed a tyrant
    52 | D        | Killed a tyrant
    53 | D        | Reached skill level 27 in Throwing
    54 | D        | Noticed an accursed
    54 | D        | Killed an accursed
    55 | D        | Reached skill level 27 in Maces & Flails
    55 | D        | Reached skill level 27 in Polearms
    55 | D        | Reached skill level 27 in Ranged Weapons
    55 | D        | Reached skill level 27 in Shapeshifting
    57 | D        | Noticed a meat beast
    57 | D        | Killed a meat beast
    58 | D        | Noticed an accursed
    58 | D        | Noticed a tyrant
    59 | D        | Killed an accursed
    59 | D        | Killed a tyrant
    60 | D        | Noticed a meat beast
    60 | D        | Killed a meat beast
    61 | D        | Noticed a large bag of meat
    62 | D        | Killed a large bag of meat
    63 | D        | Noticed a dread
    64 | D        | Killed a dread
    66 | D        | Noticed a meat beast
    66 | D        | Noticed a dread
    67 | D        | Noticed a dread
    67 | D        | Killed a meat beast
    67 | D        | Killed a dread
    68 | D        | Noticed a dread
    68 | D        | Noticed a destroyer
    69 | D        | Killed a dread
    69 | D        | Killed a destroyer
    69 | D        | Killed a dread
    70 | D        | Noticed a meat beast
    71 | D        | Killed a meat beast
    71 | D        | Noticed a meat beast
    71 | D        | Noticed a meat beast
    71 | D        | Noticed a destroyer
    72 | D        | Killed a destroyer
    72 | D        | Killed a meat beast
    72 | D        | Killed a meat beast
    72 | D        | Noticed a meat beast
    74 | D        | Killed a meat beast
    76 | D        | Noticed a meat beast
    77 | D        | Killed a meat beast
    79 | D        | Noticed a destroyer
    81 | D        | Killed from afar by a wretched soul

Illustrated notes

Levels and vault maps discovered:
D:        meatsprint

Skill      XL: |  1  2  3  4  5  6  7  8  9 10 11 12 13 14 15 16 17 18 19 20 21 22 23 24 25 26 27 |
---------------+----------------------------------------------------------------------------------+-----
Fighting       | 14 16 18 22 25 27 | 27.0
Throwing       | 3 4 5 6 7 9 12 14 16 19 20 21 27 | 27.0
Armour         | 4 5 6 7 10 16 27 | 27.0
Dodging        | 16 18 19 23 27 | 27.0
Unarmed Combat | 14 16 18 21 25 27 | 27.0
Axes           | 2 3 10 15 22 27 | 27.0
Spellcasting   | 15 26 27 | 27.0
Conjurations   | 15 26 27 | 27.0
Hexes          | 15 26 27 | 27.0
Summonings     | 15 26 27 | 27.0
Necromancy     | 15 26 27 | 27.0
Translocations | 15 26 27 | 27.0
Fire Magic     | 15 26 27 | 27.0
Ice Magic      | 15 26 27 | 27.0
Air Magic      | 15 26 27 | 27.0
Earth Magic    | 15 26 27 | 27.0
Alchemy        | 15 26 27 | 27.0
Short Blades   | 8 12 15 18 20 21 27 | 27.0
Long Blades    | 8 12 15 18 20 21 27 | 27.0
Maces & Flails | 8 11 14 17 18 20 27 | 27.0
Polearms       | 8 11 14 17 18 20 27 | 27.0
Staves         | 8 12 15 18 20 21 27 | 27.0
Ranged Weapons | 8 11 14 17 18 20 27 | 27.0
Stealth        | 8 12 15 18 20 27 | 27.0
Shields        | 9 13 16 20 21 23 27 | 27.0
Invocations    | 9 13 16 20 21 23 27 | 27.0
Evocations     | 9 13 16 20 21 23 27 | 27.0
Shapeshifting  | 8 11 14 17 18 20 27 | 27.0

Action                     |  1- 3 |  4- 6 |  7- 9 | 10-12 | 13-15 | 16-18 | 19-21 | 22-24 | 25-27 || total
---------------------------+-------+-------+-------+-------+-------+-------+-------+-------+-------++-------
  Melee: Executioner's axe |     1 |       |       |     2 |     3 |     3 |    14 |    19 |    86 ||   128
   Cast: Manifold Assault  |       |       |       |       |       |       |     3 |     4 |    33 ||    40
 Armour: Leather armour    |       |       |       |     1 |     4 |     3 |     2 |     2 |     7 ||    19
  Dodge: Dodged            |       |       |       |       |       |     3 |       |     1 |     2 ||     6
